 Dungeon Crawl Stone Soup version 0.22.1-2-g9c5b331 (webtiles) character file.

724 Golfball the Cleaver (level 7, -11/64 HPs)
             Began as a Hill Orc Fighter on Nov 23, 2018.
             Was an Initiate of Makhleb.
             Mangled by a two-headed ogre
             ... wielding a +0 giant spiked club
              (28 damage)
             ... on level 5 of the Dungeon.
             The game lasted 00:12:34 (4988 turns).

Golfball the Cleaver (Hill Orc Fighter)             Turns: 4988, Time: 00:12:35

Health: -11/64     AC:  9    Str: 21    XL:     7   Next: 71%
Magic:  7/7        EV:  7    Int:  8    God:    Makhleb [......]
Gold:   233        SH:  9    Dex: 10    Spells: 6/6 levels left

rFire    . . .     SeeInvis .   a - +1 war axe
rCold    . . .     Gourm    .   c - +0 shield
rNeg     . . .     Faith    .   n - +0 scale mail
rPois    .         Spirit   .   (no helmet)
rElec    .         Reflect  .   (no cloak)
rCorr    .         Harm     .   p - +1 pair of gloves
MR       .....                  (no boots)
Stlth    ..........             (no amulet)
HPRegen  0.20/turn              (no ring)
MPRegen  0.10/turn              (no ring)

@: no status effects
A: no striking features
a: Renounce Religion


You were on level 5 of the Dungeon.
You worshipped Makhleb.
Makhleb was noncommittal.
You were not hungry.

You visited 1 branch of the dungeon, and saw 5 of its levels.

You collected 233 gold pieces.

Inventory:

Hand Weapons
 a - a +1 war axe (weapon)
 b - a +0 hunting sling
 j - a +2 hand axe of freezing
 o - a +0 flail
 z - a +0 blowgun
Missiles
 h - 62 sling bullets
 k - 223 stones (quivered)
 y - 25 poisoned needles
Armour
 c - a +0 shield (worn)
 n - a +0 scale mail (worn)
 p - a +1 pair of gloves (worn)
Jewellery
 t - an uncursed ring of flight
Wands
 d - a wand of flame (13)
 u - a wand of digging (9)
Scrolls
 e - a scroll of enchant weapon
 m - a scroll of identify
 q - a scroll of teleportation
 x - a scroll of remove curse
Potions
 g - 3 potions of flight
 i - a potion of curing
 l - a potion of resistance
 r - a potion of heal wounds {unknown}
 s - 3 potions of brilliance
 v - a potion of degeneration {unknown}
 w - 2 potions of invisibility
 B - a potion of lignification {unknown}
Comestibles
 f - 13 rations
 A - 8 chunks of flesh


   Skills:
 + Level 6.6 Fighting
 + Level 9.3 Axes
 - Level 3.2 Armour
 - Level 3.2 Shields


You had 6 spell levels left.
You didn't know any spells.
Your spell library was empty.

Dungeon Overview and Level Annotations

Branches:
Dungeon (5/15)
 Temple: D:4-7

Altars:
Ashenzari
Cheibriados
Dithmenos
Elyvilon
Makhleb
Nemelex Xobeh
Sif Muna

Shops:
D:5 =


Message History

The two-headed ogre is heavily wounded.
You barely miss the hobgoblin. The hobgoblin barely misses you.
The two-headed ogre hits you with a giant spiked club! x2
You hit the two-headed ogre.
The two-headed ogre is heavily wounded.
You hit the hobgoblin but do no damage.
The two-headed ogre looks more healthy.
The hobgoblin barely misses you.
The two-headed ogre hits you with a giant spiked club!
* * * LOW HITPOINT WARNING * * *
You block the two-headed ogre's attack.
You hit the two-headed ogre.
The two-headed ogre is severely wounded.
You hit the hobgoblin but do no damage. The hobgoblin closely misses you.
You barely miss the two-headed ogre.
The two-headed ogre is severely wounded.
You closely miss the hobgoblin. You hit the goblin.
You kill the goblin!
Makhleb accepts your kill.
The two-headed ogre hits you with a giant spiked club!!
You die...

...........).)....
≈≈≈.≈≈≈≈.≈≈.)).≈≈.
≈≈≈≈≈≈≈≈≈≈.....≈≈≈
≈≈≈≈≈≈≈≈≈≈.....≈≈
≈≈≈≈≈≈≈≈..)...≈≈
##################''####
........#g.(... #....#
......).Og..... #....#
......g@#########....##
#####..........#......#.
#..........'......'.
#..........#......#.
......#########....###
.......+ #....#
........# #....#
######### ######


You could see a two-headed ogre, a gnoll, a hobgoblin and a goblin.

Vanquished Creatures
  Duvessa (D:5)
  A black bear (D:4)
  Dowan (D:5)
  A scorpion (D:5)
  A howler monkey (D:4)
  A crimson imp (D:5)
  A bullfrog skeleton (D:4)
  Natasha (thrice) (D:3)
  3 orc wizards (D:4)
  A hound skeleton (D:4)
  6 adders
  2 oozes
  4 dart slugs
  2 leopard geckos (D:3)
  6 orcs
  8 bats
  5 giant cockroaches
  11 goblins
  10 hobgoblins
  7 jackals
  2 quokkas
  2 ball pythons
  7 frilled lizards
  10 kobolds
  2 leopard gecko skeletons (D:4)
  3 rats
101 creatures vanquished.

Notes
Turn   | Place    | Note
-------+----------+-------------------------------------------
     0 | D:1      | Golfball the Hill Orc Fighter began the quest for the Orb.
     0 | D:1      | Reached XP level 1. HP: 19/19 MP: 1/1
    37 | D:1      | Reached skill level 3 in Axes
    80 | D:1      | Reached XP level 2. HP: 26/26 MP: 2/2
   370 | D:1      | Reached skill level 4 in Axes
   643 | D:1      | Reached XP level 3. HP: 31/31 MP: 3/3
   902 | D:2      | Reached skill level 5 in Axes
  1127 | D:2      | Found a sparkling altar of Nemelex Xobeh.
  1171 | D:2      | Found a snail-covered altar of Cheibriados.
  1178 | D:2      | Reached XP level 4. HP: 37/39 MP: 4/4
  1660 | D:2      | Found a deep blue altar of Sif Muna.
  1776 | D:2      | Reached skill level 6 in Axes
  2023 | D:3      | Found a white marble altar of Elyvilon.
  2574 | D:3      | Found a shadowy altar of Dithmenos.
  2714 | D:3      | Reached XP level 5. HP: 45/45 MP: 5/5
  2751 | D:3      | Noticed Natasha
  2772 | D:3      | Killed Natasha
  2772 | D:3      | Reached skill level 7 in Axes
  2962 | D:3      | Noticed Natasha
  3068 | D:3      | Killed Natasha
  3280 | D:3      | Noticed Natasha
  3286 | D:3      | Killed Natasha
  3797 | D:4      | Reached XP level 6. HP: 53/53 MP: 6/6
  3856 | D:4      | Noticed a black bear
  3866 | D:4      | Killed a black bear
  3866 | D:4      | Reached skill level 5 in Fighting
  3866 | D:4      | Reached skill level 8 in Axes
  4157 | D:4      | Reached XP level 7. HP: 61/61 MP: 7/7
  4245 | D:4      | Found a burning altar of Makhleb.
  4250 | D:4      | Became a worshipper of Makhleb the Destroyer
  4393 | D:5      | Entered Level 5 of the Dungeon
  4413 | D:5      | Found Deogotz's Jewellery Shop.
  4581 | D:5      | Found a shattered altar of Ashenzari.
  4813 | D:5      | Noticed Dowan
  4816 | D:5      | Noticed Duvessa
  4835 | D:5      | Killed Duvessa
  4835 | D:5      | Reached skill level 9 in Axes
  4835 | D:5      | Killed Dowan
  4973 | D:5      | Noticed a two-headed ogre
  4988 | D:5      | Mangled by a two-headed ogre

Skill      XL: |  1  2  3  4  5  6  7 |
---------------+----------------------+-----
Axes           | 3 4 5 6 7 8 9 |  9.3
Fighting       | 4 5 6 |  6.6
Armour         | |  3.2
Shields        | |  3.2

Action                   |  1- 3 |  4- 6 |  7- 9 || total
-------------------------+-------+-------+-------++-------
Melee: War axe           |   103 |   181 |    62 ||   346
 Fire: Blowgun           |       |     5 |     4 ||     9
  Use: Potion            |     1 |     1 |       ||     2
       Scroll            |       |     9 |     1 ||    10
  Eat: Chunk             |     1 |    10 |     2 ||    13
Armor: Scale mail        |    51 |    95 |    28 ||   174
Dodge: Dodged            |    38 |    57 |    16 ||   111
Block: Shield            |    50 |    98 |    27 ||   175
